Map: Терраформ РВ (LotV)

Players

NextRim - Winner!

  • Race: Protoss Protoss
  • League: Gold

Socks

  • Race: Zerg Zerg
  • League: Grandmaster

VOD

Have the link to the VOD?

Description

Time

  • Played on: Oct. 26, 2015, 12:17 p.m.
  • Length: 8:26
Show
View Real Time Build Order
Export as new Build Order

NextRim Protoss - Winner!

Build Orders:  

Get SALT Encoding   

  12  0:01  Probe (Chrono Boost)  
  13  0:11  Probe (Chrono Boost)  
  14  0:19  Pylon  
  14  0:22  Probe (Chrono Boost)  
  15  0:37  Probe (Chrono Boost)  
  15  0:38  Gateway  
  16  0:48  Probe (Chrono Boost)  
  17  0:50  Assimilator  
  17  0:58  Probe (Chrono Boost)  
  18  1:09  Probe (Chrono Boost)  
  19  1:16  Pylon  
  19  1:19  Probe (Chrono Boost)  
  20  1:26  Cybernetics Core  
  20  1:27  Zealot  
  20  1:30  Probe (Chrono Boost)  
  23  1:51  Nexus  
  24  2:02  Mothership Core (Chrono Boost)  
  25  2:10  Warp Gate (Chrono Boost)  
  25  2:24  Probe  
  25  2:25  Pylon  
  26  2:37  Probe  
  27  2:46  Gateway  
  27  2:47  Gateway  
  27  2:49  Sentry, Probe, Gateway  
  30  3:01  Probe  
  30  3:02  Probe  
  32  3:12  Probe  
  32  3:13  Probe  
  34  3:23  Probe  
  34  3:25  Probe  
  36  3:28  Robotics Facility  
  36  3:33  Probe  
  36  3:37  Probe (Chrono Boost)  
  38  3:44  Pylon  
  38  3:45  Probe (Chrono Boost)  
  39  3:49  Probe (Chrono Boost), Assimilator  
  39  3:52  Pylon  
  39  3:55  Forge  
  40  3:59  Pylon  
  40  4:07  Probe x2 (Chrono Boost)  
  42  4:13  Zealot x4  
  50  4:17  Probe (Chrono Boost)  
  50  4:18  Probe (Chrono Boost)  
  52  4:26  Warp Prism  
  52  4:28  Probe (Chrono Boost)  
  52  4:29  Probe (Chrono Boost)  
  50  5:00  Stalker x4  
  54  5:21  Immortal, Pylon  
  58  5:23  Pylon  
  58  5:27  Stalker  
  58  5:28  Stalker x3  
  60  5:51  Zealot  
  60  5:52  Zealot x3  
  66  5:58  Gateway, Protoss Ground Weapons Level 1  
  66  6:02  Gateway  
  66  6:05  Gateway  
  66  6:12  Zealot x2  
  66  6:13  Zealot x2  
  68  6:34  Zealot x4  
  68  6:39  Probe x2 (Chrono Boost)  
  76  6:42  Immortal  
  80  6:49  Probe x2 (Chrono Boost)  
  80  6:50  Pylon  
  80  6:51  Pylon  
  82  7:00  Zealot x2  
  82  7:01  Zealot x2  
  82  7:21  Immortal  
  85  7:25  Stalker x3  
  85  7:26  Stalker  
  77  7:54  Assimilator  
  77  7:56  Probe x2 (Chrono Boost), Assimilator  
  79  7:59  Pylon  
  79  8:02  Pylon  
  79  8:03  Twilight Council, Pylon  
  83  8:22  Stalker x3  
Show
View Real Time Build Order
Export as new Build Order

Socks Zerg 

Build Orders: Pool First 

Get SALT Encoding   

  12  0:02  Drone  
  13  0:18  Overlord  
  13  0:24  Drone  
  14  0:38  Drone x2  
  16  0:49  Spawning Pool  
  15  0:55  Drone  
  16  0:58  Drone  
  17  1:29  Hatchery  
  17  1:30  Drone  
  17  1:32  Extractor  
  17  1:33  Drone  
  17  1:34  Drone  
  17  1:36  Queen  
  20  1:43  Zergling x2  
  21  2:01  Overlord  
  21  2:04  Drone  
  22  2:19  Queen  
  24  2:25  Drone  
  24  2:28  Roach Warren  
  24  2:32  Drone  
  24  2:54  Drone x2  
  26  3:03  Hatchery  
  25  3:18  Drone x5  
  30  3:21  Queen  
  32  3:34  Overlord, Extractor  
  31  3:37  Lair  
  31  3:46  Spine Crawler  
  30  3:53  Zergling x6  
  33  3:59  Roach x2  
  33  4:00  Roach  
  39  4:11  Overlord  
  39  4:13  Extractor  
  39  4:15  Extractor  
  37  4:21  Roach x5  
  47  4:37  Ravager  
  48  4:48  Queen  
  45  4:54  Ravager x2  
  45  5:09  Drone x3  
  45  5:10  Drone  
  49  5:37  Queen  
  42  5:45  Overlord x2  
  42  5:49  Roach x3  
  46  5:50  Roach x5  
  46  5:53  Spine Crawler  
  47  6:01  Extractor  
  47  6:03  Queen  
  45  6:26  Zergling x14  
  52  6:44  Drone x2  
  52  6:45  Drone x4  
  55  6:58  Overlord  
  55  7:07  Roach x3  
  56  7:22  Roach  
  54  8:16  Hatchery  
Tags
 
Add a new tag
Caveats
  • Supply blocks, unpowered buildings, or Contaminate may cause inaccurate times.
  • Supply counts are checked every 10 seconds.